 Dungeon Crawl Stone Soup version 0.27.1 (webtiles) character file.

Game seed: 16472798136502840820

942 Descartes the Covert (level 7, 0/30 HPs)
             Began as a Felid Wanderer on Aug 25, 2021.
             Slain by a steam dragon (4 damage)
             ... on level 5 of the Dungeon.
             The game lasted 00:11:23 (8064 turns).

Descartes the Covert (Felid Wanderer)               Turns: 8064, Time: 00:11:23

Health: 0/30       AC:  2    Str: 15    XL:     7   Next: 88%
Magic:  0/11       EV: 22    Int: 13    God:
Gold:   288        SH:  0    Dex: 17    Spells: 4/10 levels left
                                        Lives:  0   Deaths: 2

rFire    . . .     SeeInvis +     - Unarmed
rCold    . . .     Faith    .   (shield unavailable)
rNeg     . . .     Spirit   +   (armour unavailable)
rPois    +         Reflect  .   (helmet unavailable)
rElec    .         Harm     .   (cloak unavailable)
rCorr    .         Rampage  .   (gloves unavailable)
Will     +....                  (boots unavailable)
Stlth    +++++.....             l - amulet of guardian spirit
HPRegen  0.10/turn              s - ring of poison resistance
MPRegen  0.12/turn              h - +6 ring of strength

@: quick
A: very small, claws 1, fangs 3, see invisible, speed 1, shaggy fur 2, stealthy
paws, no weapons or thrown items, no armour, multi-lived
a: no special abilities


You were on level 5 of the Dungeon.
You visited 1 branch of the dungeon, and saw 6 of its levels.

You collected 288 gold pieces.

Inventory:

Missiles
 c - 123 stones
Jewellery
 f - a ring of protection from cold
 h - a +6 ring of strength (right paw)
 l - an amulet of guardian spirit (around neck)
 s - a ring of poison resistance (left paw)
Wands
 v - a wand of digging (5)
Scrolls
 b - 3 scrolls of noise {unknown}
 d - 6 scrolls of identify {unknown}
 g - a scroll of immolation {unknown}
 j - a scroll of fog {unknown}
 k - a scroll of brand weapon {unknown}
 m - a scroll of teleportation {unknown}
 n - a scroll of acquirement {unknown}
 q - a scroll of amnesia {unknown}
 t - a scroll of fear {unknown}
 w - a scroll of vulnerability {unknown}
Potions
 a - a potion of lignification
 i - a potion of brilliance {unknown}
 o - 2 potions of magic {unknown}
 p - 3 potions of might {unknown}
 r - 3 potions of invisibility {unknown}


   Skills:
 - Level 2.0 Fighting
 * Level 8.8 Dodging
 - Level 10.0 Stealth
 * Level 5.4 Unarmed Combat
 - Level 2.0 Spellcasting
 + Level 2.4 Transmutations
 + Level 2.0 Earth Magic
 - Level 1.1 Evocations


You had 4 spell levels left.
You knew the following spells:

 Your Spells              Type           Power      Damage    Failure   Level
a - Statue Form           Tmut/Erth      4%         N/A       100%        6

Your spell library contained the following spells:

 Spells                   Type           Power      Damage    Failure   Level
 Corpse Rot               Necr/Air       N/A        N/A       36%         2
 Poisonous Vapours        Pois/Air       2%         N/A       36%         2
 Petrify                  Tmut/Erth      7%         N/A       69%         4
 Freezing Cloud           Conj/Ice/Air   0%         6-21      100%        5
 Metabolic Englaciation   Hex/Ice        0%         N/A       100%        5


Dungeon Overview and Level Annotations

Branches:
Dungeon (6/15)             Temple (0/1) D:5

Altars:
Ashenzari
Elyvilon
Makhleb
Sif Muna
Vehumet

Annotations:
D:4 exclusion: statue
D:5 Prince Ribbit


Innate Abilities, Weirdness & Mutations

You have sharp claws.
You have razor-sharp teeth.
You have supernaturally acute eyesight. (SInv)
You cover ground quickly. (Speed+)
You are covered in thick fur. (AC +2)
Your paws help you pounce on unaware monsters.
You are incapable of wielding weapons or throwing items.
You cannot wear armour.
You gain extra lives every three experience levels.


Message History

You closely miss the steam dragon.
The steam dragon is heavily wounded.
You are engulfed in a cloud of scalding steam.
The steam dragon barely misses you.
The steam dragon claws you but does no damage.
You closely miss the steam dragon.
The steam dragon is moderately wounded.
You are engulfed in a cloud of scalding steam.
* * * LOW HITPOINT WARNING * * *
The steam dragon misses you. x2
You claw the steam dragon!
You bite the steam dragon, but do no damage.
The steam dragon is severely wounded.
You are engulfed in a cloud of scalding steam.
* * * LOW HITPOINT WARNING * * *
The steam dragon closely misses you. x2
You feel much better.
You are engulfed in a cloud of scalding steam.
The steam dragon bites you! The steam dragon closely misses you.
You scratch the steam dragon but do no damage.
The steam dragon is severely wounded.
You are engulfed in a cloud of scalding steam.
* * * LOW HITPOINT WARNING * * *
The steam dragon misses you. x2
The steam dragon breathes steam at you. The ball of steam misses you.
You see here a howler monkey corpse.
There is a stone staircase leading down, spattered with blood here.
You scratch the steam dragon but do no damage.
The steam dragon is severely wounded.
The steam dragon bites you.
* * * LOW HITPOINT WARNING * * *
The steam dragon misses you.
You feel better.
You are engulfed in a cloud of scalding steam.
* * * LOW HITPOINT WARNING * * *
The steam dragon completely misses you. The steam dragon claws you.
* * * LOW HITPOINT WARNING * * *
The steam dragon bites you.
You die...

.............<##.#### ###########
...##.....###..#'# #
#####.....####...# #######
#####......###...# ########.#...#
.................# #...##..#.PP..
...##............# #)..'.####.P..
..............#..# #)..### ##..#
.##.#.........§..# ##### ####
....#...#.....#D@# #
.#....###.....#†§# #
.#.#..###.....#§.# ##############
...#..........##'# #............#
##............##.# #....#+#.###.#
...##.....######.# ####.....###.#
.#....##########.###............#
.#.##.######...#.#..........#####
...............'.##....#...######


You could see a steam dragon (catching breath).

Vanquished Creatures
  Sigmund (D:2)
  A black bear (D:3)
  3 necrophages
  A centaur (D:5)
  A kobold brigand (D:6)
  A phantom (D:5)
  A bullfrog (D:6)
  Blork the orc (D:5)
  3 scorpions (D:5)
  A water moccasin skeleton (D:4)
  A howler monkey (D:5)
  Crazy Yiuf (D:5)
  3 hounds
  2 jellies
  2 orc priests
  A centaur skeleton (D:6)
  An iguana (D:6)
  4 orc wizards
  2 hound skeletons
  3 adders
  3 gnolls (D:4)
  A worm (D:2)
  3 dart slugs
  17 orcs
  7 endoplasms
  A giant cockroach (D:3)
  3 goblins
  3 hobgoblins
  9 kobolds
  3 quokkas
  6 ball pythons
  4 bats
  3 frilled lizards (D:3)
  A quokka skeleton (D:4)
  3 rats
101 creatures vanquished.

Vanquished Creatures (others)
  A kobold (D:6)
1 creature vanquished.

Grand Total: 102 creatures vanquished

Notes
Turn   | Place    | Note
-------+----------+-------------------------------------------
     0 | D:1      | Descartes the Felid Wanderer began the quest for the Orb.
     0 | D:1      | Descartes set off with the following items: a potion of
                  | lignification, a potion of curing
     0 | D:1      | Reached XP level 1. HP: 9/9 MP: 2/2
    35 | D:1      | You fall into a shaft and drop 1 floor!
    51 | D:2      | Reached skill level 3 in Stealth
   221 | D:1      | Reached skill level 4 in Stealth
   221 | D:1      | Reached XP level 2. HP: 10/13 MP: 3/3
   581 | D:1      | Found a faded altar of an unknown god.
  1101 | D:2      | Noticed Sigmund
  1409 | D:2      | Reached skill level 5 in Stealth
  1529 | D:2      | Reached XP level 3. HP: 10/16 MP: 4/4
  1771 | D:2      | Killed Sigmund
  1772 | D:2      | Reached skill level 7 in Stealth
  1772 | D:2      | Reached XP level 4. HP: 13/19 MP: 5/5
  1772 | D:2      | Reached XP level 5. HP: 15/22 MP: 6/6
  2856 | D:3      | Reached skill level 8 in Stealth
  2856 | D:3      | Gained mutation: You are covered in thick fur. (AC +2)
                  | [Felid growth]
  2856 | D:3      | Reached XP level 6. HP: 14/26 MP: 7/7
  3200 | D:3      | Found a shimmering blue altar of Sif Muna.
  3547 | D:3      | Found a burning altar of Makhleb.
  3547 | D:3      | Noticed a green death
  4508 | D:4      | Found a broken altar of Ashenzari.
  4713 | D:4      | Found a radiant altar of Vehumet.
  4767 | D:4      | Reached skill level 1 in Spellcasting
  4778 | D:4      | Reached skill level 9 in Stealth
  4812 | D:3      | Reached skill level 5 in Dodging
  4812 | D:3      | Reached XP level 7. HP: 11/30 MP: 3/10
  5855 | D:5      | Entered Level 5 of the Dungeon
  5857 | D:5      | Noticed Prince Ribbit
  6250 | D:5      | Reached skill level 10 in Stealth
  6294 | D:5      | Slain by Prince Ribbit
  6295 | D:5      | Reached XP level 6. HP: 0/26 MP: 0/10
  6407 | D:5      | Noticed Blork the orc
  6411 | D:5      | Found a staircase to the Ecumenical Temple.
  6425 | D:5      | Killed Blork the orc
  6426 | D:5      | Reached XP level 7. HP: 27/30 MP: 1/11
  6435 | D:5      | Learned a level 6 spell: Statue Form
  6519 | D:5      | Found a white marble altar of Elyvilon.
  6824 | D:5      | Slain by Prince Ribbit
  6825 | D:5      | Reached XP level 6. HP: -1/26 MP: 0/10
  6989 | D:5      | Reached skill level 1 in Transmutations
  7046 | D:5      | Reached skill level 1 in Earth Magic
  7159 | D:5      | Reached XP level 7. HP: 30/30 MP: 11/11
  7219 | D:5      | Found a runed translucent door.
  7220 | D:5      | Noticed Crazy Yiuf
  7302 | D:5      | Killed Crazy Yiuf
  7542 | D:6      | Reached skill level 5 in Unarmed Combat
  7610 | D:6      | HP: 1/30 [poisoned by a scorpion]
  7986 | D:6      | Noticed a steam dragon
  8062 | D:5      | HP: 1/30 [steam dragon (6)]
  8064 | D:5      | Slain by a steam dragon

Illustrated notes

Levels and vault maps discovered:
D:1:      minmay_arrival_jagged, layout_basic,
          shapermc_ecumenical_altar_mp_ritualfount, glass_columns_c
D:2:      cheibrodos_helix_gallery, layout_rooms, uniq_sigmund
D:3:      layout_basic, makhleb_altar_promises_db, kennysheep_orc_sif_temple
D:4:      layout_rooms, ashenzari_altar_1, vehumet_statue,
          chequers_serial_rivers_large_a, minmay_fractal_squares_diagonal_5
D:5:      layout_basic, overflow_temple_1_default, minmay_temple_entry_ruins,
          uniq_blork_the_orc, uniq_prince_ribbit1, uniq_crazy_yiuf_cottage
D:6:      layout_rooms, overflow_temple_1_default, minmay_quadrilaterals,
          uniq_maggie, uniq_grinder, uniq_pikel

Skill      XL: |  1  2  3  4  5  6  7 |
---------------+----------------------+-----
Stealth        | 4 5 7 8 9 10 | 10.0
Dodging        | 3 4 8 6 |  8.8
Spellcasting   | 1 2 |  2.0
Transmutations | 1 2 |  2.4
Earth Magic    | 1 2 |  2.0
Unarmed Combat | 5 |  5.4
Fighting       | |  2.0
Evocations     | |  1.1

Action                   |  1- 3 |  4- 6 |  7- 9 || total
-------------------------+-------+-------+-------++-------
Melee: Unarmed           |    57 |   165 |   176 ||   398
       Bite              |     2 |    13 |    21 ||    36
       Punch             |     1 |     1 |    10 ||    12
  Use: Potion            |     1 |     1 |     3 ||     5
 Stab: Sleeping          |     5 |     7 |     6 ||    18
       Distracted        |     1 |     1 |       ||     2
Armor: Skin              |       |    12 |     8 ||    20
Dodge: Dodged            |    36 |   120 |   152 ||   308
